 Dungeon Crawl Stone Soup version 0.31-a0-544-gceb718ecc6 (webtiles) character file.

Game seed: 765722558722409666

28 avis the Cutter (level 2, -1/24 HPs)
             Began as a Demigod Wanderer on Aug 16, 2023.
             Succumbed to a kobold's poison
             ... on level 1 of the Dungeon.
             The game lasted 00:03:36 (567 turns).

avis the Cutter (Demigod Wanderer)                   Turns: 567, Time: 00:03:37

Health: -1/24      AC:  8    Str: 15    XL:     2   Next: 75%
Magic:  4/4        EV:  7    Int: 10    God:
Gold:   12         SH:  0    Dex: 15    Spells: 1/1 levels left

rFire   . .          .
                       - Unarmed
rCold   . . .        (no shield)
rNeg    . . .        g - +0 chain mail
rPois   .            (no helmet)
rElec   .            (no cloak)
rCorr   .            (no gloves)
SInv    .            (no boots)
Will    .....        (no amulet) Stlth
                     (no ring)
HPRegen 0.24/turn    (no ring)
MPRegen 0.09/turn

%: no passive effects
@: lethally poisoned (-1 -> -27)
A: high MP 1, forlorn, divine attributes
a: no special abilities


You were on level 1 of the Dungeon.
You visited 1 branch of the dungeon, and saw 1 of its levels.

You collected 12 gold pieces.

Inventory:

Hand Weapons
 b - a +0 quarterstaff
 z - a +0 rapier
Armour
 c - a +0 scale mail
 g - a +0 chain mail (worn)
Scrolls
 e - a scroll of noise {unknown}
 f - a scroll of teleportation {unknown}
 h - a scroll of identify {unknown}
Potions
 a - a potion of cancellation {unknown}
 d - a potion of lignification


   Skills:
 - Level 2.0 Fighting
 - Level 3.6 Short Blades
 - Level 1.0 Staves
 - Level 1.7 Armour
 - Level 1.0 Dodging
 * Level 2.2 Unarmed Combat


You had one spell level left.
You didn't know any spells.
Your spell library was empty.

Dungeon Overview and Level Annotations

Branches:
Dungeon (1/15)


Innate Abilities, Weirdness & Mutations

You have an increased reservoir of magic. (+10% MP)
You shall have no god before yourself.
Your divine heritage dramatically boosts your attributes as you level up.


Message History

As you open the door, it creaks loudly!
There is an open door here.
You now have 12 gold pieces (gained 1).
A kobold comes into view. It is wielding a +0 club.
The kobold hits you but does no damage.
You hit the kobold.
You kill the kobold!
Things that are here:
a +0 club; a kobold corpse A kobold comes into view.
It is wielding a +1 dagger of venom.
The kobold shouts!
The kobold hits you but does no damage.
You are poisoned.
You hit the kobold but do no damage.
You feel sick. The kobold hits you but does no damage.
You are more poisoned.
You hit the kobold.
The kobold is moderately wounded.
You feel very sick. The kobold hits you but does no damage.
You are lethally poisoned!
You miss the kobold.
The kobold is moderately wounded.
You feel very sick. The kobold hits you but does no damage.
You are more poisoned.
You hit the kobold but do no damage.
The kobold is moderately wounded.
You feel very sick. The kobold hits you but does no damage.
You are more poisoned.
You closely miss the kobold.
The kobold is moderately wounded.
* * * LOW HITPOINT WARNING * * *
You feel very sick. The kobold hits you but does no damage.
You are more poisoned.
You hit the kobold.
The kobold is heavily wounded.
You die...

#.# #.........##.# #.#
#########.##.# #.# #.##.# #.#
#.##.########### #.#
#.##.......†....
#.############.##############
#..........#..........
#.##########.#.####### ###
#@#... #K##### #.# #.# #.#
#.# #.. #.#


You could see a kobold.

Vanquished Creatures
  3 ball pythons (D:1)
  A bat (D:1)
  An endoplasm (D:1)
  3 giant cockroaches (D:1)
  3 goblins (D:1)
  2 hobgoblins (D:1)
  3 jackals (D:1)
  A kobold (D:1)
  2 quokkas (D:1)
  A frilled lizard (D:1)
  2 rats (D:1)
22 creatures vanquished.

Notes
Turn   | Place    | Note
-------+----------+-------------------------------------------
     0 | D:1      | avis the Demigod Wanderer began the quest for the Orb.
     0 | D:1      | avis set off with the following items: a +0 rapier, a +0
                  | quarterstaff, a +0 scale mail, a potion of lignification.
     0 | D:1      | Reached XP level 1. HP: 17/17 MP: 3/3
   130 | D:1      | Reached skill level 1 in Unarmed Combat
   146 | D:1      | Reached XP level 2. HP: 22/24 MP: 4/4
   567 | D:1      | Succumbed to a kobold's poison

Illustrated notes

Levels and vault maps discovered:
D:1:      minmay_arrival_checkered_box, layout_basic

Skill      XL: |  1  2 |
---------------+-------+-----
Fighting       | 2 |  2.0
Unarmed Combat | 1 2 |  2.2
Short Blades   | |  3.6
Staves         | |  1.0
Armour         | |  1.7
Dodging        | |  1.0

Action                     || total
---------------------------++-------
  Melee: Unarmed           ||    88
         Quarterstaff      ||     4
         Punch             ||     1
  Throw: Stone             ||     5
 Armour: Scale mail        ||    37
         Chain mail        ||    11
  Dodge: Dodged            ||    30

Table legend: (Time is in decaauts)
 A = Elapsed time spent in this place.
 B = Non-inter-level travel time spent in this place.
 C = Inter-level travel time spent in this place.
 D = Time resting spent in this place.
 E = Time spent auto-exploring this place.
 F = Levels seen in this place.
 G = Mean time per level.
                   A        B        C        D        E       F      G
               +--------+--------+--------+--------+--------+-----+--------+
         Total |    565 |    565 |      0 |     49 |    333 |   1 |  565.0 |
       Dungeon |    565 |    565 |      0 |     49 |    333 |   1 |  565.0 |
               +--------+--------+--------+--------+--------+-----+--------+

Top non-repeatable levels by time:
     D:1: 565 daAuts
